[Event "Late-Titled-Tuesday-Blitz-August-29-2023"]
[Site "Chess.com"]
[Date "2023.08.29"]
[Round "4"]
[White "artin10862"]
[Black "Jumbo"]
[Result "1-0"]
[WhiteElo "2844"]
[BlackElo "2941"]
[TimeControl "180+1"]
[EndTime "14:39:23 PDT"]
[Termination "artin10862 won by checkmate"]

1. Nf3 Nf6 2. c4 e6 3. Nc3 d5 4. d4 Nbd7 5. cxd5 exd5 6. Bg5 c6 7. Qc2 Be7 8. e3 Nf8 9. Bd3 Ne6 10. Bh4 g6 11. h3 a5 12. Ne5 Nd7 13. Bg3 Nxe5 14. Bxe5 Bf6 15. Bh2 O-O 16. Na4 Re8 17. O-O Ng5 18.
Qb3 b5 19. Nc5 a4 20. Qb4 Ne6 21. Rac1 Be7 22. Nxe6 Bxe6 23. Qd2 Qb6 24. Rc2 b4 25. Rfc1 Rec8 26. Qd1 f6 27. Bf4 a3 28. b3 c5 29.
dxc5 Rxc5 30. Rxc5 Bxc5 31. Qc2 Rc8 32. Qe2 Kf7 33. Ba6 Ra8 34. Bd3 Rc8 35. Ba6 Ra8 36. Bb5 Rc8 37. Rc2 Be7 38. Bd3 Rxc2 39. Qxc2 Qc5 40. Kf1 Qxc2 41. Bxc2 Bc5 42. Ke2 Ke7 43. Bh6 d4 44. e4 Kd6 45. Bc1 Ke7 46.
Bd3 Bd7 47. Bc4 Bc6 48. Kd3 Kd6 49. Bf4+ Ke7 50. f3 Bd7 51. Bg3 Bc6 52. Bf2 Kd6 53.
Bg8 Ke5 54. Bg3# 1-0

[Event "Late-Titled-Tuesday-Blitz-August-29-2023"]
[Site "Chess.com"]
[Date "2023.08.29"]
[Round "4"]
[White "HenriL"]
[Black "JosephRyan"]
[Result "1-0"]
[WhiteElo "2513"]
[BlackElo "2361"]
[TimeControl "180+1"]
[EndTime "14:39:23 PDT"]
[Termination "HenriL won by checkmate"]

1. d4 e6 2. g3 Nf6 3. Bg2 d5 4. c4 Bb4+ 5. Bd2 Be7 6. Bc3 O-O 7.
Nd2 c6 8. e3 b6 9. Ne2 Ba6 10.
b3 Nbd7 11. O-O b5 12. Nf4 bxc4 13. bxc4 Nb6 14. Ba5 Qd7 15. Nd3 Nxc4 16. Nxc4 Bxc4 17. Ne5 Qb7 18. Nxc4 dxc4 19. Qc2 Qa6 20. Bd2 Rac8 21. e4 Rfd8 22. Bc3 c5 23. Rfd1 cxd4 24. Bxd4 c3 25.
Bf1 Qc6 26. Bg2 Qc4 27. Bxa7 Bc5 28. Bxc5 Qxc5 29. a4 e5 30. Bf1 g6 31. Rd3 Rd4 32. a5 Nxe4 33. Rxd4 Qxd4 34. a6 Nc5 35. Bg2 e4 36.
Bf1 Nd3 37. Ra4 Qd5 38. a7 Ra8 39. Kg2 f5 40. Kg1 Qc5 41. Bxd3 exd3 42. Qxd3 c2 43.
Rc4 c1=Q+ 44. Rxc1 Qxc1+ 45. Kg2 Qc6+ 46. f3 Rxa7 47.
Qd8+ Kg7 48. Qd4+ Kf8 49. Qxa7 Qe6 50. Qxh7 Qe2+ 51. Kh3 Qf1+ 52. Kh4 Qc4+ 53. f4 Qe6 54. Kg5 Qa6 55. Qxg6 Qf1 56. Qxf5+ Kg7 57. Qe5+ Kg8 58. h4 Qf3 59. g4 Qg3 60. h5 Qh3 61. h6 Qg3 62.
Qg7# 1-0

[Event "Late-Titled-Tuesday-Blitz-August-29-2023"]
[Site "Chess.com"]
[Date "2023.08.29"]
[Round "4"]
[White "Zhigalko_Sergei"]
[Black "carokannlover213"]
[Result "1/2-1/2"]
[WhiteElo "2927"]
[BlackElo "2710"]
[TimeControl "180+1"]
[EndTime "14:39:29 PDT"]
[Termination "Game drawn - insufficient material"]

1. e4 e5 2. Nf3 Nf6 3. Bc4 Nxe4 4. d3 Nf6 5. Nxe5 d5 6. Bb3 Bd6 7. d4 O-O 8. O-O c5 9. c3 Nc6 10. Nxc6 bxc6 11. dxc5 Bxc5 12. Bf4 Ba6 13. Re1 Ne4 14. Be3 Qb6 15. Bxc5 Nxc5 16. Nd2 Nd3 17. Re3 Rae8 18. Qf3 Rxe3 19. Qxe3 Qxe3 20. fxe3 Nxb2 21. e4 Nc4 22. Bxc4 Bxc4 23. Nxc4 dxc4 24. Rb1 Re8 25. Rb4 g6 26. Rxc4 Re5 27. Kf2 Ra5 28. a4 Kf8 29. Ke3 Ke7 30. Rxc6 Rxa4 31. h4 h6 32. h5 gxh5 33.
Rxh6 Ra2 34. Rxh5 Rxg2 35. Ra5 Rc2 36. Rxa7+ Ke6 37. Ra6+ Ke5 38. Ra5+ Ke6 39. Ra6+ Ke5 40. Kd3 Rc1 41. Ra5+ Ke6 42. Kd2 Rh1 43. c4 Rh3 44.
Rf5 f6 45. c5 Ra3 46. Ke2 Rc3 47. Kd2 Ra3 48. Ke2 Rc3 49. Kf2 Ra3 50. Rf3 Ra2+ 51. Ke3 Rc2 52. Kd4 Rc1 53. Rc3 Rd1+ 54. Ke3 Kd7 55.
Kf4 Rf1+ 56. Rf3 Rc1 57. Kf5 Ke7 58. e5 Rxc5 59. Re3 Kf7 60. Re4 Ke7 61. Re3 fxe5 62. Rxe5+ Kd6 63. Rxc5 Kxc5 1/2-1/2

[Event "Late-Titled-Tuesday-Blitz-August-29-2023"]
[Site "Chess.com"]
[Date "2023.08.29"]
[Round "4"]
[White "SchmakAttack"]
[Black "XiaoKangZhong"]
[Result "1-0"]
[WhiteElo "2780"]
[BlackElo "2546"]
[TimeControl "180+1"]
[EndTime "14:39:29 PDT"]
[Termination "SchmakAttack won by resignation"]

1. c4 Nf6 2. g3 e6 3. Bg2 d5 4. Nf3 dxc4 5. Na3 Be7 6. Nxc4 O-O 7. O-O c5 8. d4 Nc6 9. dxc5 Bxc5 10. Bf4 Nd5 11.
Bd2 b5 12. Nce5 Nxe5 13. Nxe5 Bb7 14. Rc1 Bd6 15. Nc6 Qb6 16. Na5 Be5 17. Nxb7 Qxb7 18. Qb3 Rfd8 19. Ba5 Rd7 20. Rfd1 a6 21. f4 Bc7 22. Bxc7 Rxc7 23. Rxc7 Qxc7 24. Bxd5 exd5 25. Qxd5 Re8 26. Kf1 Qc2 27. Rd2 Qb1+ 28. Kg2 h6 29. a3 g6 30. Qd3 Qc1 31. Rc2 Qe1 32. h4 h5 33. Rd2 Qc1 34. Qc2 Qe1 35. Qd3 Qc1 36.
Rc2 Qe1 37. b4 Re6 38. Rb2 Kh7 39. Rc2 Qa1 40. f5 gxf5 41. Qxf5+ Kg7 42. Qxh5 Qd4 43. Qg5+ Rg6 44. Qf5 Rf6 45. Qg5+ Rg6 46. Qf5 Rf6 47. Qd3 Qe5 48. e4 Rg6 49. Rf2 Qe6 50. Qe3 Qe5 51.
Qf4 Qd4 52. Qxf7+ Kh6 53. Qf8+ Kh5 54. Rf5+ Kg4 55. Rf4+ Kh5 56. Qf5+ Kh6 57. h5 Rg5 58. Qf6+ Qxf6 59. Rxf6+ Kxh5 60. Rxa6 Kg4 61. Ra5 Re5 62. a4 Rxe4 63. Rxb5 Re5 64. Kf2 Re4 65. a5 Rc4 66. a6 Rc2+ 67. Ke3 Rc3+ 68. Kd4 Rc6 69. Ra5 Kxg3 70.
a7 Rd6+ 71. Kc5 Rh6 72. a8=Q Rh5+ 73. Qd5 1-0

[Event "Late-Titled-Tuesday-Blitz-August-29-2023"]
[Site "Chess.com"]
[Date "2023.08.29"]
[Round "4"]
[White "lamomiajunior"]
[Black "OparinGrigoriy"]
[Result "1/2-1/2"]
[WhiteElo "2757"]
[BlackElo "2966"]
[TimeControl "180+1"]
[EndTime "14:39:30 PDT"]
[Termination "Game drawn by repetition"]

1. d4 Nf6 2. Nc3 e6 3. Bf4 Bb4 4. Qd3 c5 5. dxc5 Qa5 6. Nf3 Nd5 7. Bd2 Nxc3 8. bxc3 Bxc5 9. g3 Qc7 10. Bg2 b6 11. O-O Bb7 12. Bf4 d6 13. Rad1 e5 14. Be3 Bxe3 15.
Qxe3 O-O 16. Qd2 Rd8 17. Nxe5 Bxg2 18. Kxg2 Nc6 19. Nf3 Rac8 20. Qf4 Ne5 21. Nxe5 dxe5 22. Qe3 h6 23. h4 f6 24. a4 Qc6+ 25. Qf3 Qxa4 26.
Qb7 Kh7 27. Ra1 Qc6+ 28. Qxc6 Rxc6 29. Rxa7 Rxc3 30. Rb1 Rd6 31. Rb2 Rdc6 32. Rb7 Rxc2 33. R7xb6 h5 34. Rxc6 Rxb2 35. Kf3 Kg6 36. Rc7 Rb3+ 37.
e3 Rb4 38. Rd7 Rb2 39. Rc7 Kh6 40. Rd7 g5 41. hxg5+ Kxg5 42. Rg7+ Kf5 43. Rh7 Kg6 44. Rh8 Rb4 45. Rg8+ Kf7 46. Rh8 Kg6 47. Rg8+ Kh7 48. Rf8 Kg7 49. Rd8 h4 50. gxh4 Rxh4 51. Rd7+ Kg6 52. Rd8 Kf5 53. Rg8 Rh3+ 54. Ke2 Ke4 55. Rg4+ Kd5 56. Ra4 Rh1 57. Kf3 Rg1 58. Ra5+ Ke6 59.
Ke4 Rg4+ 60. Kf3 Rb4 61. Ra6+ Kf5 62. Rc6 Kg5 63. Ra6 f5 64. Re6 e4+ 65. Kg3 Rb1 66.
Kg2 Rb8 67. Re7 Kf6 68. Rc7 Rg8+ 69. Kf1 Kg5 70. Ke2 Kg4 71. Rf7 Rg6 72. Rf8 Kg5 73. Rf7 Ra6 74. Rg7+ Kf6 75. Rg8 Ra1 76. Rf8+ Ke6 77. Rg8 Kf7 78. Rg5 Kf6 79. Rg8 Ra2+ 80. Kf1 Ke5 81. Re8+ Kd5 82. Rf8 Ke6 83. Re8+ Kd7 84.
Rf8 Ra5 85. Kg2 Ke7 86. Rb8 Kf6 87. Rg8 Ra1 88. Rf8+ Ke6 89. Re8+ Kf7 90. Rb8 Kf6 91. Rf8+ Ke6 92. Re8+ Kf7 93. Rb8 Kf6 94. Rf8+ 1/2-1/2

[Event "Late-Titled-Tuesday-Blitz-August-29-2023"]
[Site "Chess.com"]
[Date "2023.08.29"]
[Round "4"]
[White "TanitoluwaAps116"]
[Black "Alexei_Gubajdullin"]
[Result "1/2-1/2"]
[WhiteElo "2780"]
[BlackElo "2625"]
[TimeControl "180+1"]
[EndTime "14:39:31 PDT"]
[Termination "Game drawn by repetition"]

1. e4 g6 2. d4 d6 3. Nc3 a6 4. Be3 b5 5. Nf3 Nd7 6. Bd3 Bb7 7. h4 h6 8. h5 g5 9. Ne2 Ngf6 10. Ng3 e6 11. a4 b4 12. a5 c5 13. c3 bxc3 14. bxc3 Qc7 15. O-O Ng4 16. Bd2 c4 17. Bc2 d5 18.
Nxg5 Ngf6 19. Nxf7 Kxf7 20. e5 Ne4 21. Qf3+ Ke8 22. Nxe4 dxe4 23. Bxe4 Bxe4 24. Qxe4 Rc8 25. f4 Qc6 26. Qg6+ Kd8 27. f5 exf5 28. Rxf5 Qxg6 29.
hxg6 Rg8 30. Raf1 Be7 31. d5 Rxg6 32. d6 Bg5 33. Bxg5+ hxg5 34. Re1 Re6 35. Rxg5 Nf8 36. Rg8 Kd7 37. Rf1 Ree8 38. Rf7+ Ke6 39. Rgg7 Kxe5 40.
d7 Nxd7 41. Rxd7 Rb8 42. Rge7+ Rxe7 43. Rxe7+ Kd5 44. Ra7 Rb3 45. Rxa6 Rxc3 46. Ra8 Ra3 47. Rd8+ Ke4 48. Rc8 Kd3 49. Rc5 c3 50. Kf2 c2 51. g4 Kd2 52. g5 Rc3 53. Rd5+ Rd3 54. Rc5 c1=Q 55. Rxc1 Kxc1 56. a6 Ra3 57. a7 Kd2 58.
a8=Q Rxa8 59. Kf3 Kd3 60. Kf4 Ra1 61. Kf5 Rf1+ 62. Ke5 Rg1 63. Kf6 Ke4 64. g6 Rf1+ 65. Ke6 Rg1 66. Kf6 Rf1+ 67. Ke6 Rg1 68. Kf6 1/2-1/2

[Event "Late-Titled-Tuesday-Blitz-August-29-2023"]
[Site "Chess.com"]
[Date "2023.08.29"]
[Round "4"]
[White "Colombiano07"]
[Black "jk13"]
[Result "0-1"]
[WhiteElo "2440"]
[BlackElo "2673"]
[TimeControl "180+1"]
[EndTime "14:39:39 PDT"]
[Termination "jk13 won on time"]

1. d4 Nf6 2. c4 e6 3. Nc3 Bb4 4. e3 O-O 5. Ne2 d5 6. a3 Be7 7.
cxd5 exd5 8. Nf4 Re8 9. Bd3 c6 10. O-O Nbd7 11. Bd2 Nb6 12. b4 Bf8 13. Qf3 Qe7 14.
Rab1 Ne4 15. Bxe4 dxe4 16. Qe2 Bf5 17. a4 Qd7 18. a5 Nd5 19. Nfxd5 cxd5 20. Qb5 Red8 21.
Qxd7 Rxd7 22. Rfc1 Rc8 23. Na4 Rdc7 24. Rxc7 Rxc7 25.
Nc5 b6 26. axb6 axb6 27. Na6 Rc2 28. Be1 Bg4 29. h3 Be2 30. b5 Bd3 31. Bb4 Rxf2 32. Kxf2 Bxb1 33. Bxf8 Kxf8 34. Nc7 Ba2 35. Na8 Ke7 36.
Nxb6 Kd8 37. Kg3 Bb3 38. Kf4 Kc7 39. Na8+ Kb7 40. Ke5 Kxa8 41. Kd6 h5 42. Kc7 Bc4 43. b6 Ba6 44. h4 Bb7 45. g3 g6 46. Kd7 Kb8 47.
Ke7 Bc8 48. Kd6 Be6 49. Kc6 Kc8 50. Kb5 Kb7 51. Kc5 Bf5 52. Kxd5 Kxb6 53. Ke5 Kc6 54. Kf6 Be6 55. Ke5 Bd5 56. Kf4 Kd6 57. g4 hxg4 58.
Kxg4 Ke6 59. Kg5 Bc4 60. Kf4 f6 61. Kxe4 Bb3 62. Kf4 Kd5 63. Kf3 Bc2 64. Kf4 Bd3 65. Kf3 Bc2 66. Kf4 Bd1 67. Kg3 Ke4 68. Kf2 Bg4 69.
Kg3 Bh5 70. Kf2 f5 0-1

[Event "Late-Titled-Tuesday-Blitz-August-29-2023"]
[Site "Chess.com"]
[Date "2023.08.29"]
[Round "4"]
[White "dodoucb"]
[Black "Cipy77"]
[Result "1-0"]
[WhiteElo "2443"]
[BlackElo "2550"]
[TimeControl "180+1"]
[EndTime "14:39:40 PDT"]
[Termination "dodoucb won on time"]

1. d4 Nf6 2. Nf3 e6 3. c3 c5 4. e3 b6 5. Nbd2 Bb7 6. Bd3 Be7 7. O-O cxd4 8. exd4 O-O 9. Re1 d6 10. Qe2 a6 11. a4 Nbd7 12. h3 Re8 13. Nc4 Nd5 14. Bd2 Bf8 15. Qe4 f5 16. Qh4 Qxh4 17. Nxh4 g6 18. Nf3 Rac8 19. b4 h6 20. b5 a5 21.
Rac1 g5 22. h4 g4 23. Nh2 N5f6 24. Bf4 Be4 25. Bf1 e5 26. dxe5 dxe5 27. Be3 Nd5 28. Bd2 N5f6 29. Be3 Rb8 30. f3 gxf3 31. gxf3 Bd5 32.
Bf2 Rec8 33. Ne3 Be6 34. Bh3 Nc5 35. Bxf5 Bxf5 36. Nxf5 Nd3 37. Bg3 Nxe1 38. Rxe1 Nd7 39. Ng4 Re8 40. Bxe5 Be7 41. Nfxh6+ Kh7 42. Kg2 Nxe5 43.
Rxe5 Bxh4 44. Rh5 Be7 45. Rd5 Rbd8 46. Rf5 Rf8 47. Re5 Bd6 48. Re6 Kg7 49. c4 Bc5 50.
Rc6 Rd2+ 51. Kg3 Rd6 52. Rc7+ Kh8 53. Nf7+ Kg8 54. Nfh6+ Rxh6 55. Nxh6+ Kh8 56. Rd7 Rf6 57. Ng4 Rg6 58. f4 Re6 59. f5 Re1 60. Kf4 Rf1+ 61. Kg5 Rg1 62. f6 Be3+ 63. Kf5 Kg8 64. Rd8+ Kh7 65.
Rd7+ Kg8 66. Rg7+ Kf8 67. Nxe3 1-0

[Event "Late-Titled-Tuesday-Blitz-August-29-2023"]
[Site "Chess.com"]
[Date "2023.08.29"]
[Round "4"]
[White "karinachess1"]
[Black "sergiochess83"]
[Result "1/2-1/2"]
[WhiteElo "2597"]
[BlackElo "2937"]
[TimeControl "180+1"]
[EndTime "14:39:43 PDT"]
[Termination "Game drawn by repetition"]

1. c4 e5 2. Nc3 Nf6 3. Nf3 Nc6 4. e3 Bb4 5. Qc2 Bxc3 6. Qxc3 Qe7 7. a3 a5 8. d4 e4 9. Nd2 d5 10. Be2 O-O 11.
O-O Re8 12. b3 Bg4 13. Bxg4 Nxg4 14. h3 Nf6 15. Rb1 Nd8 16. cxd5 Nxd5 17. Qc2 f5 18.
Nc4 Nf7 19. Bd2 b6 20. a4 h5 21. f3 g6 22. fxe4 Qxe4 23. Qxe4 Rxe4 24. Rbc1 Rae8 25. Rfe1 R8e7 26. Kf2 h4 27. Nb2 g5 28. Nd3 Kg7 29. Kf3 Kg6 30. Kf2 Kf6 31. Rc6+ R4e6 32. Rxe6+ Rxe6 33. Kf3 Nd6 34. Ne5 Ne4 35. Bc1 Ke7 36. Ke2 Ng3+ 37. Kd3 Ne4 38. Rf1 Kf6 39. Bd2 Ng3 40. Rc1 c5 41. Bc3 Ne4 42. Rf1 Nexc3 43.
Ng4+ Ke7 44. Rxf5 Ne4 45. Ne5 Kd6 46. Kxe4 Nc3+ 47. Kd3 Nd5 48. Rxg5 Nb4+ 49. Kc4 Kc7 50. Rg6 Re7 51. Rh6 Nc2 52. Rxh4 Nxe3+ 53. Kd3 Nxg2 54. Rg4 Ne1+ 55. Kc4 cxd4 56. Kxd4 Nc2+ 57. Kc3 Nb4 58. Nc4 Rd7 59. Rg3 Rh7 60. Rf3 Rh4 61. Ne5 Nd5+ 62. Kb2 Nb4 63. Nc4 Re4 64. Ne3 Rh4 65. Kc3 Re4 66. Kb2 Kb7 67. Ng4 Re2+ 68. Kb1 Re1+ 69. Kb2 Re2+ 70. Kb1 Re1+ 71. Kb2 Re2+ 1/2-1/2

[Event "Late-Titled-Tuesday-Blitz-August-29-2023"]
[Site "Chess.com"]
[Date "2023.08.29"]
[Round "4"]
[White "Tejas_Rama"]
[Black "fastestmindalive"]
[Result "1-0"]
[WhiteElo "2552"]
[BlackElo "2726"]
[TimeControl "180+1"]
[EndTime "14:39:44 PDT"]
[Termination "Tejas_Rama won by resignation"]

1. d4 Nf6 2. c4 e6 3. Nf3 Bb4+ 4. Bd2 Qe7 5. e3 Nc6 6. Bd3 e5 7. dxe5 Nxe5 8. Nxe5 Bxd2+ 9. Qxd2 Qxe5 10. Nc3 O-O 11. Bc2 b6 12. O-O-O Ba6 13. b3 b5 14. cxb5 Bxb5 15.
f4 Qc5 16. Nxb5 Qxb5 17. e4 d6 18. Rhe1 Rfe8 19. Kb1 a5 20. Ka1 a4 21. bxa4 Qc5 22.
Rc1 Kh8 23. Bb3 Qh5 24. e5 dxe5 25. fxe5 Rxe5 26. Bxf7 Qf5 27. Rxe5 Qxe5+ 28. Qc3 Qg5 29. Qxc7 h5 30. g3 Rxa4 31. Qc8+ Kh7 32. Qc2+ Ne4 33. Qb2 Rb4 34. Bb3 Nd2 35. Rd1 Nxb3+ 36. axb3 Re4 37.
Qc2 Qg6 38. Kb2 Qf6+ 39. Kb1 Qf5 40. Rd4 Re1+ 41. Kb2 Qg6 42. Qxg6+ Kxg6 43. Rd2 Kg5 44. Kc3 Re3+ 45. Rd3 Re2 46. Rd2 Re1 47. Kc4 Rb1 48. b4 Kg4 49. b5 Kh3 50. Kc5 g5 51. b6 g4 52. Kc6 Rc1+ 53. Kb7 Rb1 54. Ka7 h4 55.
gxh4 Kxh4 56. b7 Ra1+ 57. Kb8 Rb1 58. Rc2 Rf1 59. Kc8 Rf8+ 60. Kc7 Rf7+ 61. Kb6 Rf6+ 62. Ka7 Rf7 63. Ka8 Rf1 64. b8=Q Ra1+ 65. Kb7 Rb1+ 66.
Kc7 Rf1 67. Qh8+ Kg5 68. Qg7+ Kh5 69. Rc5+ 1-0

[Event "Late-Titled-Tuesday-Blitz-August-29-2023"]
[Site "Chess.com"]
[Date "2023.08.29"]
[Round "4"]
[White "Andrei_Skvortsov"]
[Black "Fleetw00dMac"]
[Result "0-1"]
[WhiteElo "2658"]
[BlackElo "2479"]
[TimeControl "180+1"]
[EndTime "14:39:49 PDT"]
[Termination "Fleetw00dMac won by resignation"]

1. e4 e5 2. d4 exd4 3. Qxd4 Nc6 4. Qd3 Nf6 5. Nc3 Bb4 6. Bd2 O-O 7. O-O-O Re8 8.
Nge2 d6 9. Bg5 h6 10. Bh4 Ne5 11. Qd2 Ng6 12. Bxf6 Qxf6 13. Qd4 Qxd4 14. Rxd4 Bc5 15. Rd1 Bxf2 16. Nd5 Bb6 17. Nec3 Be6 18. Nxb6 axb6 19. a3 Ne5 20. Be2 Bd7 21. Nd5 Rac8 22. h3 Bc6 23.
Nc3 Re7 24. Rhf1 Rce8 25. Rd4 g6 26. b4 Ra8 27. Kb2 Kg7 28. Rdd1 Ree8 29. h4 h5 30. g3 Bd7 31. Rf4 Be6 32. Rdf1 c6 33. Rd1 Red8 34. Rff1 b5 35. Rd4 Kf8 36. Rdd1 Ke7 37. Rf2 Bc4 38. Bf3 Be6 39. Be2 Bg4 40. Ra1 Be6 41.
Rf4 Rf8 42. Rff1 f5 43. exf5 Bxf5 44. Rf4 d5 45. Raf1 Rh8 46. Re1 Kd6 47. Rff1 Rae8 48.
Nd1 Rhf8 49. Ne3 Bh3 50. Rxf8 Rxf8 51. Kc3 Rf2 52. Kd2 Nf3+ 53. Kd1 Nxe1 54. Kxe1 Rf8 55. c3 Ra8 56. Nc2 Bf5 57. Nd4 Rxa3 58. Kd2 Ra2+ 59. Ke3 Be4 60. g4 hxg4 61. Bxg4 Rh2 62. Bc8 Rxh4 63.
Bxb7 Rh3+ 64. Kd2 Rd3+ 65. Ke2 Rxc3 66. Bc8 Rc4 67. Nb3 Rxb4 68. Na5 c5 69. Ke3 g5 70.
Bh3 Ra4 71. Nb7+ Kc6 72. Nd8+ Kc7 73. Ne6+ Kd6 74. Nxg5 Ra3+ 75. Kf4 b4 76. Be6 Bh1 77. Kf5 b3 78. Nf7+ Kc7 79. Ke5 b2 80. Bf5 Be4 81. Nd6 b1=Q 0-1

[Event "Late-Titled-Tuesday-Blitz-August-29-2023"]
[Site "Chess.com"]
[Date "2023.08.29"]
[Round "4"]
[White "Kleyton_Lima"]
[Black "enriquetejedor"]
[Result "0-1"]
[WhiteElo "2520"]
[BlackElo "2701"]
[TimeControl "180+1"]
[EndTime "14:39:52 PDT"]
[Termination "enriquetejedor won by resignation"]

1. d4 d6 2. e4 Nf6 3. Nc3 e5 4. Nge2 Be7 5. h3 h5 6. g3 c6 7. a4 b6 8. Bg2 a6 9. O-O Bb7 10. Be3 Nbd7 11. Qd2 O-O 12. f4 b5 13. axb5 axb5 14.
Rad1 b4 15. Nb1 exd4 16. Nxd4 c5 17. Nf5 Nxe4 18. Qe2 Ndf6 19. Bxc5 Re8 20. Be3 d5 21. Rfe1 Bf8 22. Kh2 g6 23. Nd4 Ra2 24. b3 Qc7 25.
Qf3 Bc8 26. Nd2 Nc3 27. Rc1 Nfe4 28. Nf1 h4 29. Ra1 hxg3+ 30. Nxg3 Rxa1 31. Rxa1 Bd6 32. Kh1 Nxg3+ 33. Qxg3 Qe7 34. Bf2 Ne4 35. Bxe4 Qxe4+ 36. Qf3 Qxf3+ 37. Nxf3 Bxh3 38. Kh2 Bf5 39. Kg3 Re4 40.
Ra8+ Kg7 41. Bd4+ f6 42. Ra7+ Kf8 43. Bxf6 Bxf4+ 44. Kg2 Re2+ 45. Kf1 Rxc2 46. Ne5 Bxe5 47.
Bxe5 Ke8 48. Rc7 Rd2 49. Bd6 Rd3 50. Bxb4 Rxb3 51. Bc5 Be4 52. Kf2 Rf3+ 53. Ke2 Rf5 54. Ke3 Kd8 55. Rg7 Kc8 56. Kd4 Rf6 57. Ke5 Rc6 58.
Bd4 Kb8 59. Rd7 Rc7 60. Rxc7 Kxc7 61. Bc5 Kc6 62. Kd4 Kd7 63. Bb4 Ke6 64. Bd2 Kf5 65.
Ke3 Kg4 66. Bc3 Bc2 67. Be5 Bb3 68. Bd4 Bc4 69. Be5 Ba2 70. Bd4 Kf5 71. Kf3 g5 72. Be3 Bc4 73. Bc5 Ba6 74. Be3 Bc8 75. Bf2 Bb7 76. Be3 d4+ 0-1

[Event "Late-Titled-Tuesday-Blitz-August-29-2023"]
[Site "Chess.com"]
[Date "2023.08.29"]
[Round "4"]
[White "valemava"]
[Black "Cambek64"]
[Result "0-1"]
[WhiteElo "2318"]
[BlackElo "2480"]
[TimeControl "180+1"]
[EndTime "14:39:52 PDT"]
[Termination "Cambek64 won by checkmate"]

1. Nf3 d5 2. c4 c6 3. b3 e6 4. Bb2 Nf6 5. g3 Be7 6. Bg2 O-O 7. O-O b6 8. d3 Bb7 9. Re1 Nbd7 10. Nbd2 a5 11. e4 dxe4 12. dxe4 Nc5 13. e5 Ne8 14. Qc2 Qd3 15. Rec1 Qxc2 16. Rxc2 Nd3 17.
Bc3 Nb4 18. Rcc1 c5 19. Ne1 Bxg2 20. Kxg2 Nc7 21. a3 Nc6 22. f4 Rfd8 23. Ne4 Nd4 24. Bxd4 Rxd4 25. Kf3 f5 26. Nc3 Rd2 27. Ra2 Rad8 28.
Rcc2 R2d7 29. Ke3 Kf7 30. Rd2 Ke8 31. Nf3 h6 32. h3 g5 33. Rxd7 Rxd7 34. h4 g4 35. Ng1 Na6 36. Nge2 Nb8 37. Nb5 Nc6 38.
Rd2 h5 39. Rxd7 Kxd7 40. Kd3 Kc8 41. Nec3 Kb7 42. Na4 Na7 43. Nxa7 Kxa7 44. Nc3 Kb7 45. Nb5 Kc6 46. Kc3 Bf8 47. Kd3 Be7 48. Nc3 Bd8 49.
Na2 b5 50. cxb5+ Kxb5 51. Nc3+ Kc6 52. Kc4 Bb6 53. Nb5 Bd8 54. Nd6 Bxh4 55. Ne8 Bxg3 56. Ng7 h4 57. Nxe6 h3 58. Nxc5 h2 59. e6 Kd6 60. e7 Kxe7 61. Nb7 h1=Q 62. Nxa5 Qe4+ 63. Kb5 Bxf4 64. b4 Kd7 65. Nc4 Bc7 66. Kc5 f4 67. b5 f3 68. a4 Qf5+ 69. Kb4 f2 70.
a5 f1=Q 71. b6 Q1b1+ 72. Kc3 Qfd3# 0-1

[Event "Late-Titled-Tuesday-Blitz-August-29-2023"]
[Site "Chess.com"]
[Date "2023.08.29"]
[Round "4"]
[White "GM_shahin"]
[Black "reevecanada"]
[Result "1/2-1/2"]
[WhiteElo "2712"]
[BlackElo "2537"]
[TimeControl "180+1"]
[EndTime "14:39:57 PDT"]
[Termination "Game drawn by repetition"]

1. d4 d5 2. Bf4 Nf6 3. e3 e6 4.
Nf3 Bd6 5. Bd3 c5 6. Bg3 Bxg3 7.
hxg3 Qb6 8. b3 Nc6 9. c3 O-O 10. g4 g6 11. g5 Ne4 12. Bxe4 dxe4 13. Nfd2 cxd4 14. cxd4 Qa5 15. Qg4 Kg7 16. Qh4 Rh8 17.
a3 Bd7 18. Qf4 Rac8 19. O-O Qf5 20. Nxe4 Qxf4 21. exf4 Nxd4 22. Nbc3 Nxb3 23. Rab1 Nc5 24. Nd6 Rc6 25. Rfd1 b6 26. Ncb5 a6 27. Nc3 b5 28.
Nce4 Nxe4 29. Nxe4 Bc8 30. Nf6 h6 31. Rbc1 Bb7 32.
Rxc6 Bxc6 33. Rd6 Rc8 34. Kh2 hxg5 35. fxg5 Kf8 36. Kg3 Ke7 37. Rd4 Be8 38. f3 Rc4 39.
Rxc4 bxc4 40. Kf4 Bc6 41. Ke3 e5 42. Kd2 Kd6 43. Kc3 Kc5 44. Ng4 e4 45. fxe4 Bxe4 46.
g3 Bd5 47. Ne5 Be6 48. Nf3 Kd5 49. Nd2 Ke5 50. Nxc4+ Kf5 51. Ne3+ Kxg5 52. Kb4 Bg4 53. Ka5 Be2 54. Kb6 f5 55. a4 f4 56. gxf4+ Kxf4 57. Nd5+ Kf3 58. Nc3 g5 59. Nxe2 Kxe2 60. Kxa6 g4 61.
a5 g3 62. Kb7 g2 63. a6 g1=Q 64. a7 Qg2+ 65. Kb8 Qg8+ 66. Kb7 Qd5+ 67. Kb8 Qb5+ 68.
Ka8 Qe8+ 69. Kb7 Qd7+ 70. Kb8 Qb5+ 71. Ka8 Qe5 72. Kb7 Qe4+ 73. Kb8 Qb4+ 74. Ka8 Qe7 75.
Kb8 Qd8+ 76. Kb7 Qd7+ 77. Kb8 Qd6+ 78. Kb7 Qd5+ 79. Kb8 Qg8+ 80. Kb7 Qg2+ 81. Kb8 Qg8+ 1/2-1/2

[Event "Late-Titled-Tuesday-Blitz-August-29-2023"]
[Site "Chess.com"]
[Date "2023.08.29"]
[Round "4"]
[White "Duhless"]
[Black "Byniolus"]
[Result "0-1"]
[WhiteElo "3018"]
[BlackElo "2884"]
[TimeControl "180+1"]
[EndTime "14:40:01 PDT"]
[Termination "Byniolus won by checkmate"]

1. e4 d6 2. d4 Nf6 3. Nc3 c6 4.
f4 Qb6 5. e5 Nd5 6. Nxd5 cxd5 7. c3 Bf5 8. Bd3 g6 9. Nf3 e6 10. O-O Nc6 11. Rb1 Be7 12. Be3 O-O-O 13. b4 Kb8 14. a4 Rc8 15. a5 Qd8 16. Bxf5 gxf5 17.
Rf2 Ka8 18. Ra2 Qd7 19. Ne1 Nb8 20. Rc1 Na6 21. Nd3 Nc7 22. exd6 Bxd6 23. Nc5 Qc6 24. Qd3 Qb5 25. Qd2 Qc4 26. Rac2 Nb5 27. Qd1 h5 28. Ra1 Be7 29. Kh1 h4 30. Nd7 Qc6 31. Ne5 Qe8 32. c4 dxc4 33. a6 Bxb4 34. Qf3 Rc7 35. Nxc4 Qc6 36. axb7+ Qxb7 37. d5 Rhc8 38. Nb6+ Kb8 39. Nxc8 Rxc2 40. Nxa7 Nxa7 41. Rxa7 Qxd5 42. Qxd5 exd5 43. Rxf7 Re2 44. Ba7+ Ka8 45. Kg1 Bc3 46. Kf1 Ra2 47. Bc5 d4 48. Rd7 Ra1+ 49. Ke2 Ra2+ 50. Kd3 Rxg2 51. Kc4 Rxh2 52. Kb5 Rb2+ 53.
Kc6 h3 54. Ra7+ Kb8 55. Rh7 Ka8 56. Rxh3 Rb8 57. Rh7 Rc8+ 58. Kb5 d3 59. Ra7+ Kb8 60. Rd7 d2 61. Bd6+ Ka8 62. Ka6 Bd4 63. Bc7 d1=Q 64. Bb6 Qa4+ 65. Ba5 Qxd7 66. Bc7 Qc6+ 67. Bb6 Qb7+ 68.
Kb5 Qxb6+ 69. Ka4 Rc4+ 70. Ka3 Bc5+ 71. Ka2 Ra4# 0-1

[Event "Late-Titled-Tuesday-Blitz-August-29-2023"]
[Site "Chess.com"]
[Date "2023.08.29"]
[Round "4"]
[White "bascheyaro"]
[Black "BogdanDeac"]
[Result "1/2-1/2"]
[WhiteElo "2817"]
[BlackElo "3018"]
[TimeControl "180+1"]
[EndTime "14:40:03 PDT"]
[Termination "Game drawn - insufficient material"]

1. d4 Nf6 2. Nf3 d5 3. c4 e6 4.
Nc3 Be7 5. Bg5 h6 6. Bh4 dxc4 7. e3 c5 8. dxc5 Qa5 9. Bxc4 Qxc5 10. Bb5+ Bd7 11. Qd4 Qxd4 12. Nxd4 a6 13. Be2 Nc6 14. Bf3 Nxd4 15. exd4 Bc6 16. Bxc6+ bxc6 17. O-O-O Rb8 18. f3 Kd7 19. Rhe1 Rhc8 20. Kc2 Nd5 21. Bxe7 Kxe7 22. Ne4 a5 23. Nc5 Rb5 24. b3 g5 25.
g3 Rg8 26. Kb2 Kd6 27. Rd2 Ra8 28. Kc1 Rb4 29. Re4 Rg8 30. Kb2 Ke7 31. Re1 h5 32. Re5 h4 33. a3 Rb5 34. Rg2 hxg3 35. hxg3 Nf6 36. Rge2 Nd5 37. Kc2 g4 38. f4 Kd6 39.
f5 Nc7 40. Ne4+ Ke7 41. Nc5 Rd8 42. fxe6 fxe6 43. a4 Rb4 44. Nxe6 Nxe6 45. Rxe6+ Kd7 46. Re7+ Kc8 47. R2e6 Rbxd4 48. Rxc6+ Kb8 49. Rb6+ Kc8 50. Ra6 Rd2+ 51. Kc1 Kb8 52. Rxa5 Ra2 53. Rb5+ Kc8 54. Rc5+ Kb8 55. Rc2 Ra1+ 56. Kb2 Rg1 57. Re3 Rf8 58. a5 Rf3 59. Rxf3 gxf3 60. Kc3 Rxg3 61. Rf2 Kb7 62. Kb4 Rg4+ 63. Kb5 Rg5+ 64. Ka4 Rg3 65. b4 Rh3 66. Rf1 Rg3 67. Kb3 Ka6 68. Ka4 Kb7 69. Rh1 Rg7 70. Rh2 Rf7 71. Rf2 Rf4 72. Kb5 Rf5+ 73. Kc4 Ka6 74. Kd3 Rf4 75. Kc3 Kb5 76. a6 Kxa6 77. Kd3 Kb5 78. Ke3 Rxb4 79. Rxf3 Rb3+ 80. Kf2 Rxf3+ 81. Kxf3 1/2-1/2